AoeStats
← Yulego24

Arabia

510232182Analyzed
2v2 RM · 1d ago on Sep 30, 2026· 36m 15s· 4 players
Game mode
Random Map
Map size
Medium (4 player)
Population
200
Speed
Normal
Resources
Standard
Victory
Conquest
Starting age
Dark Age
Ending age
Imperial Age
RankedLock teamsTeams togetherTeam positionsShared explorationLock speedFull tech treeHidden civsTurbo modeCheats
Victory
Defeat
🇲🇽 Malay · Mexico
1026
+17
🇺🇸 Teutons · United States
1016
+17
🇨🇷 Ethiopians · Costa Rica
1059
-17
🇨🇷 Goths · Costa Rica
1039
-17
HDSON.menoncab
11:30 Feudal Age
13:14 Double-Bit Axe
14:53 Loom
18:02 Castle Age
19:56 Bow Saw
22:02 Pikeman
23:18 Fletching
25:38 Bodkin Arrow
26:15 Horse Collar
26:46 Gold Mining
29:42 Wheelbarrow
31:34 Town Watch
34:39 Imperial Age
33:05 Squires
34:11 Forging
34:16 Capped Ram
35:21 Conscription
HDSON.Stilson16
0:50 Loom
12:45 Feudal Age
14:57 Bloodlines
17:37 Fletching
25:26 Castle Age
24:16 Horse Collar
24:25 Double-Bit Axe
25:32 Elite Skirmisher
26:22 Bodkin Arrow
31:15 Scale Barding Armor
32:56 Scale Mail Armor
34:14 Scale Mail Armor
Ganito
7:34 Loom
10:19 Feudal Age
17:28 Double-Bit Axe
23:17 Castle Age
23:19 Crossbowman
24:43 Bow Saw
25:02 Fletching
25:12 Scale Mail Armor
24:36 Elite Skirmisher
29:01 Padded Archer Armor
32:07 Chain Mail Armor
33:43 Gold Mining
34:16 Bodkin Arrow
34:37 Horse Collar
35:39 Gold Shaft Mining
Yulego24
1:43 Loom
11:27 Feudal Age
13:15 Double-Bit Axe
21:34 Castle Age
21:39 Horse Collar
23:43 Forging
24:05 Man-at-Arms
24:45 Fletching
25:51 Scale Mail Armor
26:19 Bow Saw
27:27 Iron Casting
30:23 Gold Mining
33:56 Imperial Age
Connection lost

Rejoining the realm…

Still unreachable

The connection could not be restored.

Session expired

The server has moved on; the page needs a fresh start.